 Dungeon Crawl Stone Soup version 0.20-a0-871-g785f14b (console) character file.

175695 nht the Severer (level 18, -14/163 HPs)
             Began as a Hill Orc Gladiator on Mar 14, 2017.
             Was an Initiate of Gozag.
             Shot with an arrow by a naga sharpshooter (18 damage)
             ... on level 4 of the Snake Pit.
             The game lasted 01:19:34 (28619 turns).

nht the Severer (Hill Orc Gladiator)               Turns: 28619, Time: 01:19:35

Health: -14/163    AC: 39    Str: 30    XL:     18   Next: 10%
Magic:  35/35      EV: 11    Int:  6    God:    Gozag
Gold:   2422       SH:  0    Dex: 12    Spells: 17/17 levels left

rFire    . . .     SeeInvis .   a - +8 battleaxe (freeze)
rCold    + + .     Gourm    .   D - +27 Lear's hauberk
rNeg     . . .     Faith    .   (shield currently unavailable)
rPois    .         Spirit   .   (helmet currently unavailable)
rElec    +         Reflect  .   Y - +0 cloak
rCorr    .         Harm     .   (gloves currently unavailable)
MR       +....                  (boots currently unavailable)
Stlth    ..........             l - amulet of regeneration
Regen    0.8/turn               m - ring of protection from cold
MPRegen  0.3/turn               M - ring "Kanellug" {*Corrode rElec rC+ MP+9 Slay+3}

@: mighty, lethally poisoned (-14 -> -15), corroded, gold aura, drained
A: slimy green scales 1, dopey 1, sense surroundings 1, screaming 1
a: Potion Petition, Call Merchant, Bribe Branch, Renounce Religion


You were on level 4 of the Snake Pit.
You worshipped Gozag.
Gozag was most pleased with you.
You were very hungry.

You visited 4 branches of the dungeon, and saw 27 of its levels.
You visited the Abyss 1 time.
You also visited: Ice Cave.

You collected 10888 gold pieces.
You spent 7205 gold pieces at shops.
You paid 1261 gold pieces to Gozag.

Inventory:

Hand Weapons
 a - a +8 battleaxe of freezing (weapon)
 b - a +1 war axe of flaming
 u - the +8 mace "Raisin" {crush, rC+ Int+2 SInv}
   (You found it on level 4 of the Dungeon)

   It inflicts extra damage upon your enemies.
   It affects your intelligence (+2).
   It protects you from cold.
   It lets you see invisible.
Armour
 q - the +0 pair of fencer's gloves {+Riposte Dex+3}
   (You bought it in a shop on level 3 of the Lair of Beasts)

   It affects your dexterity (+3).
 D - the +27 Lear's hauberk (worn)
   (You bought it in a shop on level 3 of the Lair of Beasts)
 U - the +3 troll leather armour of an ice cave {+Inv Regen+ rCorr Str+3}
   (You bought it in a shop on level 3 of the Lair of Beasts)

   It affects your strength (+3).
   It lets you turn invisible.
   It increases your rate of regeneration.
   It protects you from acid and corrosion.
 Y - a +0 cloak (worn)
Jewellery
 l - an amulet of regeneration (around neck)
 m - a ring of protection from cold (right hand)
 C - an uncursed ring of flight
 M - the ring "Kanellug" (left hand) {*Corrode rElec rC+ MP+9 Slay+3}
   (You bought it in a shop on level 2 of the Orcish Mines)

   [ring of magical power]

   It affects your accuracy and damage with ranged weapons and melee attacks
   (+3).
   It protects you from cold.
   It insulates you from electricity.
   It affects your magic capacity (+9).
   It may corrode you when you take damage.
 P - an uncursed ring of fire
Wands
 c - a wand of confusion (37/48)
 n - a wand of digging (13/24)
 H - a wand of digging (4/24)
 I - a wand of clouds (3/9)
Scrolls
 i - a scroll of remove curse
 k - 5 scrolls of recharging
 s - 8 scrolls of fear
 w - 4 scrolls of fog
 z - 5 scrolls of identify
 F - 13 scrolls of teleportation
 G - 4 scrolls of magic mapping
 L - a scroll of enchant armour
 O - a scroll of silence
 V - 2 scrolls of vulnerability
 X - 3 scrolls of blinking
Potions
 e - 4 potions of brilliance
 h - 6 potions of flight
 p - 2 potions of might
 t - a potion of ambrosia
 A - 2 potions of agility
 E - 8 potions of curing
 N - 5 potions of heal wounds
 Q - 3 potions of mutation
 T - 4 potions of invisibility
 Z - a potion of resistance
Miscellaneous
 o - a phial of floods (inert)
 x - 2 phantom mirrors
 B - a box of beasts
 K - a fan of gales
 S - a lamp of fire
Comestibles
 f - 22 bread rations
 v - 7 royal jellies
 R - 4 fruits


   Skills:
 - Level 15.0(14.9) Fighting
 - Level 20.2(20.1) Axes
 - Level 16.2(16.1) Throwing
 - Level 13.4(13.3) Armour
 - Level 3.6 Dodging
 + Level 10.8 Evocations


You had 17 spell levels left.
You didn't know any spells.

Dungeon Overview and Level Annotations

Branches:
Dungeon (15/15)            Temple (0/1) D:7            Lair (6/6) D:9
 Shoals (0/4) Lair:4        Snake (4/4) Lair:4        Slime (0/5) Lair:6
    Orc (2/2) D:12            Elf (0/3) Orc:2        Vaults (0/5) D:13
 Depths (0/5) D:15

Altars:
Fedhas
Gozag
Trog
Wu Jian
Zin
Jiyva

Shops:
D:13 [   Orc:2 ?%=(?   Lair:3 [   Snake:1 }

Portals:
Trove: D:13 (show abyssal rune of Zot)

Annotations:
D:6 dig
D:9 exclusion: oklob plant
Lair:3 exclusion: 3 doors
Lair:4 exclusion: 2 oklob plants


Innate Abilities, Weirdness & Mutations

You are partially covered in slimy green scales. (AC +2)
You are dopey. (Int -2)
You passively map a small area around you.
You occasionally shout uncontrollably at your foes.


Message History

You slice the naga sharpshooter!! You freeze the naga sharpshooter!
You kill the naga sharpshooter!
You completely miss the naga sharpshooter.
You feel sick.
You feel better.
The guardian serpent is no longer distracted by gold.
The naga sharpshooter shoots an arrow.
The arrow hits you but does no damage. The guardian serpent hits you.
* * * LOW HITPOINT WARNING * * *
Unknown command.
You closely miss the naga sharpshooter.
The naga sharpshooter is heavily wounded.
You closely miss the guardian serpent.
The guardian serpent casts a spell at you.
The bolt of poison hits you!
You are poisoned.
* * * LOW HITPOINT WARNING * * *
The naga sharpshooter shoots an arrow.
The arrow hits you!!
You die...
Your body crumbles into a pile of gold.

.... ,,+.........'......█.'...█.
.... █.........█.....██.█...'.
....... ..........█.....'..█...'.
..)...█████████..██.....█..█...█.
......█.......█..█......█.)█...█.
......█.......'..████████).█...█.
......█.......█............█████.
......█.......█$$$.....).........
......█.......█$@S$.≈..).........
......█.......█$N.≈(≈............
██'██.█'███████...≈≈$.......))...
'...█..............($(........)..
█...█.........███████(....██.....
█...█........██....)).....█......
+...█........█....)))....██......
██.██........█...$█████████......
.███....███..██..$.$$.(...███..(.


You could see a naga sharpshooter and a guardian serpent.

Vanquished Creatures
  Rupert (D:12)
  9 nagarajas
  Louise (D:14)
  Azrael (Snake:2)
  4 vault guards (D:13)
  Erica (D:9)
  10 hydras
  13 naga warriors
  An ogre mage (D:15)
  12 two-headed ogres
  2 centaur warriors
  15 anacondas
  A death yak (Lair:6)
  The ghost of kidcy the Skirmisher, a novice FoAK of Lugonu (D:15)
  3 orc high priests (Orc:2)
  15 naga sharpshooters
  8 shock serpents
  Sonja (D:13)
  2 salamander mystics (Snake:4)
  2 unseen horrors
  A sea snake (Snake:2)
  10 naga ritualists
  2 wizards (D:15)
  5 orc knights
  2 necromancers
  7 mana vipers
  5 orc sorcerers
  4 manticores
  A deep elf mage (D:12)
  2 cyclopes
  6 ugly things
  13 salamanders
  15 naga magi
  34 black mambas
  3 ice statues (IceCv)
  2 merfolk sirens (Lair:4)
  13 elephants
  Psyche (D:12)
  11 guardian serpents
  A gargoyle (D:15)
  A spiny frog (shapeshifter) (D:13)
  A rime drake (Lair:4)
  8 spiny frogs
  2 kobold demonologists (D:13)
  An efreet (D:15)
  A freezing wraith (D:15)
  9 ice devils
  6 komodo dragons
  A tengu conjurer (D:14)
  2 merfolk (Lair:4)
  A meliai (D:13)
  4 trolls
  5 polar bears (Lair:6)
  8 hornets
  A troll (shapeshifter) (D:15)
  10 hippogriffs
  5 slime creatures
  2 dream sheep (Lair:6)
  12 blink frogs
  A frost giant simulacrum (Abyss:3)
  A shadow (D:11)
  12 spriggans (Lair:6)
  7 wyverns
  Sigmund (D:5)
  Eustachio (D:6)
  2 vampires
  2 basilisks
  2 wraiths
  39 yaks
  2 fire elementals (Snake:2)
  3 hungry ghosts
  4 wargs
  47 nagas
  A soldier ant (D:15)
  12 water moccasins
  Duvessa (D:7)
  An acid dragon (D:15)
  13 porcupines
  A swamp drake (D:9)
  22 orc warriors
  A hornet zombie (D:9)
  2 hell hounds (Snake:2)
  5 black bears
  5 ice beasts
  3 sky beasts
  22 wolves
  8 ogres
  2 phantoms
  4 boggarts (Lair:6)
  9 crocodiles
  8 centaurs
  18 bullfrogs
  A gnoll sergeant (D:12)
  4 scorpions
  Dowan (D:7)
  26 killer bees
  8 wights
  4 electric eels
  3 crimson imps
  2 quasits
  2 draconian simulacra (IceCv)
  3 centaur zombies
  6 jellies
  4 hounds
  19 orc priests
  8 centaur skeletons
  18 orc wizards
  7 bullfrog skeletons
  An iguana (D:4)
  16 worker ants
  2 hell rats (Lair:1)
  A spriggan simulacrum (IceCv)
  A troll simulacrum (IceCv)
  2 centaur simulacra
  A hound skeleton (D:11)
  A worker ant zombie (D:7)
  9 gnolls
  3 howler monkey skeletons
  4 naga simulacra (IceCv)
  8 adders
  An ogre simulacrum (IceCv)
  9 river rats (Lair:1)
  2 shadow imps
  2 oozes
  An adder skeleton (D:5)
  5 worms
  A dart slug (D:3)
  4 leopard geckos
  54 orcs
  3 ball pythons
  3 giant cockroaches
  7 goblins
  7 hobgoblins
  11 jackals
  11 kobolds
  4 quokkas
  13 bats
  3 frilled lizards
  A giant cockroach zombie (D:6)
  A jackal zombie (D:5)
  A quokka zombie (D:6)
  8 rats
  A butterfly (Lair:4)
  3 fungi (Lair:4)
  5 plants
909 creatures vanquished.

Vanquished Creatures (collateral kills)
  A naga (Snake:4)
  2 soldier ants (Lair:3)
  2 orc wizards (Orc:2)
  A worker ant (Lair:3)
  An orc (Orc:2)
7 creatures vanquished.

Vanquished Creatures (others)
  A centaur (D:14)
  A bush (Lair:2)
  5 fungi
  36 plants
43 creatures vanquished.

Grand Total: 959 creatures vanquished

Notes
Turn   | Place    | Note
-------+----------+-------------------------------------------
     0 | D:1      | nht the Hill Orc Gladiator began the quest for the Orb.
     0 | D:1      | Reached XP level 1. HP: 18/18 MP: 1/1
   256 | D:1      | Reached XP level 2. HP: 24/25 MP: 2/2
   373 | D:1      | Reached skill level 5 in Axes
   828 | D:2      | Reached XP level 3. HP: 30/30 MP: 3/3
   928 | D:2      | Found an opulent altar of Gozag.
   937 | D:2      | Became a worshipper of Gozag Ym Sagoz the Greedy
  1027 | D:2      | Reached skill level 6 in Axes
  1089 | D:2      | Found a bloodstained altar of Trog.
  1098 | D:2      | Reached XP level 4. HP: 24/37 MP: 4/4
  1620 | D:3      | Found an ornate altar of the Wu Jian Council.
  1663 | D:3      | Noticed an ice beast
  1681 | D:3      | Killed an ice beast
  1681 | D:3      | Reached skill level 8 in Axes
  1681 | D:3      | Reached XP level 5. HP: 13/42 MP: 5/5
  2301 | D:4      | Reached XP level 6. HP: 50/50 MP: 6/6
  2310 | D:4      | Got a bloodstained mace
  2434 | D:4      | Reached skill level 9 in Axes
  2651 | D:5      | Entered Level 5 of the Dungeon
  2688 | D:5      | Noticed Eustachio
  2719 | D:6      | Gained mutation: You tend to lose your temper in combat. [potion of mutation]
  2719 | D:6      | Gained mutation: You have a pair of small horns on your head. [potion of mutation]
  2719 | D:6      | Gained mutation: You are weak. (Str -2) [potion of mutation]
  2719 | D:6      | Gained mutation: Your flesh is heat resistant. (rF+) [potion of mutation]
  2734 | D:6      | Killed Eustachio
  2734 | D:6      | Reached skill level 10 in Axes
  2734 | D:6      | Reached XP level 7. HP: 25/56 MP: 7/7
  2831 | D:5      | Noticed Sigmund
  2836 | D:5      | Killed Sigmund
  2836 | D:5      | Reached skill level 11 in Axes
  2920 | D:5      | Reached XP level 8. HP: 62/62 MP: 8/8
  2927 | D:5      | Reached skill level 12 in Axes
  2946 | D:5      | Got a polished leather armour
  3592 | D:6      | Reached skill level 13 in Axes
  4056 | D:6      | Got a jasper-encrusted ring mail
  4067 | D:6      | Identified the +1 leather armour of the Lion {rC- rN++ Str+2 Dex-2} (You found it on level 5 of the Dungeon)
  4077 | D:6      | Identified the +2 ring mail of Natolapn {*Contam rC+ Dex+2} (You found it on level 6 of the Dungeon)
  4079 | D:6      | Identified the +8 mace "Raisin" {crush, rC+ Int+2 SInv} (You found it on level 4 of the Dungeon)
  4128 | D:6      | Reached skill level 14 in Axes
  4133 | D:6      | Reached XP level 9. HP: 49/68 MP: 9/9
  4486 | D:7      | Noticed Duvessa
  4486 | D:7      | Noticed Dowan
  4493 | D:7      | Killed Dowan
  4494 | D:7      | Killed Duvessa
  4525 | D:7      | Lost mutation: You tend to lose your temper in combat. [potion of mutation]
  4525 | D:7      | Lost mutation: You have a pair of small horns on your head. [potion of mutation]
  4525 | D:7      | Lost mutation: You are weak. (Str -2) [potion of mutation]
  4525 | D:7      | Lost mutation: Your flesh is heat resistant. (rF+) [potion of mutation]
  4525 | D:7      | Gained mutation: You tend to lose your temper in combat. [potion of mutation]
  4525 | D:7      | Gained mutation: You have large cloven feet. [potion of mutation]
  4526 | D:7      | motherfucker
  4664 | D:7      | Reached skill level 15 in Axes
  4939 | D:7      | Found a staircase to the Ecumenical Temple.
  5335 | D:8      | Noticed a two-headed ogre
  5342 | D:8      | Killed a two-headed ogre
  5342 | D:8      | Reached skill level 16 in Axes
  5787 | D:8      | Reached XP level 10. HP: 74/74 MP: 10/10
  5843 | D:8      | Reached skill level 17 in Axes
  5921 | D:8      | Reached skill level 1 in Armour
  6388 | D:9      | Noticed Erica
  6397 | D:9      | Killed Erica
  6397 | D:9      | Reached skill level 5 in Fighting
  6419 | D:9      | Reached skill level 5 in Armour
  6563 | D:9      | Found a staircase to the Lair.
  6787 | D:9      | Found a blossoming altar of Fedhas.
  6808 | D:9      | Noticed an oklob plant
  6881 | D:10     | Entered Level 10 of the Dungeon
  7156 | D:10     | Reached XP level 11. HP: 64/93 MP: 11/11
  8007 | D:11     | Noticed a two-headed ogre
  8023 | D:11     | Killed a two-headed ogre
  8168 | D:11     | Noticed a two-headed ogre
  8186 | D:11     | Killed a two-headed ogre
  8233 | D:11     | Noticed a purple ugly thing
  8240 | D:11     | Killed a purple ugly thing
  8240 | D:11     | Reached skill level 10 in Fighting
  8285 | D:11     | Noticed an unseen horror
  8298 | D:11     | Killed an unseen horror
  8876 | Lair:1   | Entered Level 1 of the Lair of Beasts
  8876 | Lair:1   | Noticed a four-headed hydra
  9050 | Lair:2   | Reached skill level 10 in Armour
  9050 | Lair:2   | Reached XP level 12. HP: 34/110 MP: 12/12
  9441 | Lair:2   | Noticed a five-headed hydra
  9584 | Lair:3   | Bought the +0 pair of fencer's gloves {+Riposte Dex+3} for 1160 gold pieces
  9824 | Lair:3   | Reached skill level 18 in Axes
 10923 | Lair:3   | Reached skill level 19 in Axes
 10978 | Lair:3   | Noticed a queen ant
 11651 | Lair:2   | Killed a four-headed hydra
 12309 | Lair:2   | Reached skill level 20 in Axes
 12518 | Lair:2   | Reached XP level 13. HP: 108/116 MP: 13/13
 12565 | Lair:4   | Found a staircase to the Shoals.
 13235 | Lair:4   | Found a staircase to the Snake Pit.
 13630 | Lair:4   | rcorr
 13818 | Lair:4   | Reached skill level 5 in Throwing
 14315 | Lair:5   | Lost mutation: You have large cloven feet. [potion of mutation]
 14315 | Lair:5   | Lost mutation: You tend to lose your temper in combat. [potion of mutation]
 14315 | Lair:5   | Gained mutation: You occasionally shout uncontrollably at your foes. [potion of mutation]
 14315 | Lair:5   | Gained mutation: You are partially covered in slimy green scales. (AC +2) [potion of mutation]
 14315 | Lair:5   | Gained mutation: You passively map a small area around you. [potion of mutation]
 14539 | Lair:5   | Found a glowing silver altar of Zin.
 14876 | Lair:6   | Entered Level 6 of the Lair of Beasts
 15252 | Lair:6   | Found a viscous altar of Jiyva.
 15252 | Lair:6   | Found a staircase to the Slime Pits.
 15571 | Lair:6   | Reached XP level 14. HP: 126/126 MP: 14/14
 15750 | Lair:6   | Reached skill level 10 in Throwing
 17470 | Lair:3   | Bought a steaming troll leather armour for 580 gold pieces
 17480 | Lair:3   | Identified the +3 troll leather armour of an ice cave {+Inv Regen+ rCorr Str+3} (You bought it in a shop on level 3 of the Lair of Beasts)
 17484 | Lair:3   | Gained mutation: You are dopey. (Int -2) [mutagenic glow]
 17685 | D:12     | Noticed Rupert
 17686 | D:12     | Found a staircase to the Orcish Mines.
 17696 | D:12     | Killed Rupert
 17699 | D:12     | Noticed Psyche
 17710 | D:12     | Killed Psyche
 17937 | D:12     | Found a frozen archway.
 17960 | IceCv    | Entered an ice cave
 18600 | Orc:1    | Entered Level 1 of the Orcish Mines
 18754 | Orc:2    | Entered Level 2 of the Orcish Mines
 18818 | Orc:2    | Found Vut Qejo's Magic Scroll Boutique.
 18838 | Orc:2    | Bought a scroll of magic mapping for 42 gold pieces
 18838 | Orc:2    | Bought a scroll of fear for 42 gold pieces
 18838 | Orc:2    | Bought 2 scrolls of teleportation for 72 gold pieces
 18838 | Orc:2    | Bought a scroll of identify for 24 gold pieces
 18838 | Orc:2    | Bought a scroll of identify for 24 gold pieces
 18838 | Orc:2    | Bought a scroll of magic mapping for 42 gold pieces
 18838 | Orc:2    | Bought a scroll of blinking for 90 gold pieces
 18838 | Orc:2    | Bought a scroll of fear for 42 gold pieces
 18838 | Orc:2    | Bought a scroll of fog for 24 gold pieces
 18838 | Orc:2    | Bought a scroll of magic mapping for 42 gold pieces
 18838 | Orc:2    | Bought a scroll of identify for 24 gold pieces
 19119 | Orc:2    | Found a staircase to the Elven Halls.
 19677 | Orc:2    | Reached XP level 15. HP: 124/133 MP: 15/15
 19927 | Orc:2    | Found Ziannack's Weapon Boutique.
 19927 | Orc:2    | Found Wipto's Magic Scroll Shoppe.
 19930 | Orc:2    | Found Fusosufi's Jewellery Boutique.
 19930 | Orc:2    | Found Tidez's Food Shoppe.
 19942 | Orc:2    | Bought a scroll of silence for 97 gold pieces
 19942 | Orc:2    | Bought a scroll of identify for 26 gold pieces
 19942 | Orc:2    | Bought a scroll of fog for 26 gold pieces
 19942 | Orc:2    | Bought a scroll of enchant weapon for 97 gold pieces
 19942 | Orc:2    | Bought a scroll of vulnerability for 97 gold pieces
 19942 | Orc:2    | Bought a scroll of identify for 26 gold pieces
 19942 | Orc:2    | Bought a scroll of enchant weapon for 97 gold pieces
 19942 | Orc:2    | Bought a scroll of teleportation for 39 gold pieces
 20042 | Orc:2    | Bought the ring "Kanellug" {*Corrode rElec rC+ MP+9 Slay+3} for 720 gold pieces
 20129 | D:13     | Found Pihumypu's Armour Boutique.
 20507 | D:13     | Found a gate to the Vaults.
 20705 | D:13     | Found a portal to a secret trove of treasure.
 20809 | D:13     | Noticed Sonja
 20818 | D:13     | Killed Sonja
 21175 | D:14     | Noticed Louise
 21182 | D:14     | Cast into level 3 of the Abyss (Louise)
 21240 | D:14     | Escaped the Abyss
 21252 | D:14     | Killed Louise
 21252 | D:14     | Reached skill level 15 in Throwing
 22009 | D:15     | Entered Level 15 of the Dungeon
 22402 | D:15     | Reached XP level 16. HP: 111/140 MP: 16/16
 22429 | D:15     | Found a staircase to the Depths.
 22608 | D:15     | Noticed kidcy's ghost (novice FoAK)
 22613 | D:15     | Killed kidcy's ghost
 23457 | Snake:1  | Entered Level 1 of the Snake Pit
 23545 | Snake:1  | Found Senoug's Gadget Shoppe.
 23549 | Snake:1  | Found Coureo's Distillery.
 24163 | Lair:3   | Bought the +27 Lear's hauberk for 3772 gold pieces
 25391 | Snake:2  | Noticed Azrael
 25411 | Snake:2  | Killed Azrael
 26084 | Snake:3  | Noticed a nagaraja
 26144 | Snake:3  | Noticed a nagaraja
 26149 | Snake:2  | Noticed a nagaraja
 26162 | Snake:2  | Killed a nagaraja
 26324 | Snake:3  | Killed a nagaraja
 26427 | Snake:3  | Killed a nagaraja
 26427 | Snake:3  | Reached skill level 1 in Evocations
 26427 | Snake:3  | Reached XP level 17. HP: 153/154 MP: 17/17
 27014 | Snake:4  | Entered Level 4 of the Snake Pit
 27125 | Snake:4  | Reached skill level 15 in Fighting
 27564 | Snake:4  | Reached skill level 5 in Evocations
 28525 | Snake:4  | Reached skill level 10 in Evocations
 28573 | Snake:4  | Reached XP level 18. HP: 83/163 MP: 25/25
 28619 | Snake:4  | HP: 4/163 [guardian serpent/bolt of poison (15)]
 28619 | Snake:4  | Shot with an arrow by a naga sharpshooter

Vault maps used:
D:1:      matt_arrival_spirals, minivault_19
D:2:      nicolae_gozag_seed_capital, lemuel_crystal_altar, first_bread
D:3:      old_standard_altar
D:4:      grunt_decor_fettered
D:5:      uniq_eustachio, uniq_sigmund
D:6:      sword_in_stone
D:7:      lemuel_temple_firewalk_b, kennysheep_nub, uniq_duvessa
D:8:      grunt_ogre_cave
D:9:      tgw_fedhas, erik_lair_dragon, uniq_erica
D:11:     serial_bayou_crossing
D:12:     orc_0_dummy, portal_ice_cave_demonic_guard, kennysheep_crisscross,
          uniq_rupert, uniq_psyche
D:13:     lightli_vaults_fourway_checkpoint, serial_shops, shop, enter_trove_2,
          uniq_sonja
D:14:     minmay_misc_feat_chi, uniq_louise
D:15:     grunt_enter_depths_magical_seal, abandoned_shop, nicolae_water_bricks
Lair:1:   kennysheep_rathole
Lair:2:   grunt_megastairs_5, lemuel_fruit_fields
Lair:3:   zaba_antful_of_joy
Lair:4:   elwin_shoals_entry_stream, guppyfry_snake_entry_garden,
          lemuel_fruit_fields, grunt_megastairs_2, minmay_lair_oklob_chamber
Lair:5:   basic_altar, minivault_11
Lair:6:   minmay_lair_end_enchanted_forest, dpeg_slime_entry_enclosed_altar,
          serial_bayou_pond_e, st_stairs_9, grunt_megastairs_4
Snake:1:  minmay_shoptagon, grunt_megastairs_3
Snake:2:  corexii_hall_statues_x, serial_bayou_lagoon_a, uniq_azrael
Snake:4:  grunt_snake_rune_serpentine_throne, spider_trap
Orc:1:    mines_bat_river
Orc:2:    grunt_orc_tribal_feast, serial_shops, shop_statue
Abyss:3:  hangedman_abyss_shoalhut
IceCv:    ice_cave_tombish

Skill      XL: |  1  2  3  4  5  6  7  8  9 10 11 12 13 14 15 16 17 |
---------------+----------------------------------------------------+-----
Axes           | 5 6 8 10 11 14 16 17 20 | 20.2
Armour         | 6 10 12 13 | 13.4
Fighting       | 7 11 12 14 15 | 15.0
Throwing       | 9 13 16 | 16.2
Dodging        | 3 |  3.6
Evocations     | 1 10 | 10.8

Action                   |  1- 3 |  4- 6 |  7- 9 | 10-12 | 13-15 | 16-18 || total
-------------------------+-------+-------+-------+-------+-------+-------++-------
Melee: War axe           |   108 |   163 |   199 |    29 |    40 |       ||   539
       Headbutt          |       |     1 |    25 |       |       |       ||    26
       Kick              |       |       |    17 |   220 |    73 |       ||   310
       Hand axe          |       |       |       |   485 |   359 |       ||   844
       Mace              |       |       |       |    23 |    23 |       ||    46
       Battleaxe         |       |       |       |       |   519 |   400 ||   919
Throw: Tomahawk          |       |       |       |       |   314 |   518 ||   832
       Throwing net      |       |       |       |       |       |    12 ||    12
       Javelin           |       |       |       |       |       |    13 ||    13
Invok: Potion Petition   |       |       |       |     1 |     1 |       ||     2
       Call Merchant     |       |       |       |     1 |       |       ||     1
Evoke: Wand              |       |       |    19 |    34 |    57 |    16 ||   126
       Lamp of fire      |       |       |       |       |       |     1 ||     1
       Phial of floods   |       |       |       |       |       |     1 ||     1
  Use: Scroll            |       |    10 |     9 |    12 |    17 |    10 ||    58
       Potion            |       |     3 |     7 |     5 |     4 |     5 ||    24
 Stab: Paralysed         |       |       |     5 |     3 |       |       ||     8
       Distracted        |       |       |     2 |     1 |     7 |     4 ||    14
       Confused          |       |       |       |     7 |       |       ||     7
       Sleeping          |       |       |       |     3 |     2 |       ||     5
       Held in net/web   |       |       |       |       |       |     1 ||     1
  Eat: Chunk             |     1 |       |       |       |       |       ||     1
       Fruit             |       |     7 |       |     4 |     1 |       ||    12
       Bread ration      |       |       |     2 |     1 |       |       ||     3
       Meat ration       |       |       |       |     3 |     7 |     3 ||    13
       Royal jelly       |       |       |       |     1 |       |       ||     1
Armor: Ring mail         |    46 |    37 |    38 |   116 |   107 |       ||   344
       Leather armour    |       |    37 |    15 |       |       |       ||    52
       Skin              |       |       |       |       |    61 |       ||    61
       Troll leather arm |       |       |       |       |   134 |    17 ||   151
       Chain mail        |       |       |       |       |       |   245 ||   245
Dodge: Dodged            |    76 |    92 |    94 |   156 |   396 |   138 ||   952
Block: Other             |       |       |       |    18 |     8 |       ||    26
       Reflection        |       |       |       |       |     1 |       ||     1
       Rpst.: Hand axe   |       |       |       |    17 |    32 |       ||    49
       War axe           |       |       |       |       |     2 |       ||     2
       Battleaxe         |       |       |       |       |    51 |     2 ||    53
       Mace              |       |       |       |       |     4 |       ||     4
